 Dungeon Crawl Stone Soup version 0.22-a0-322-g60b3cfd (webtiles) character file.

2881 Goblin1989 the Grappler (level 9, -1/75 HPs)
             Began as a Pale Draconian Transmuter on Apr 4, 2018.
             Was an Initiate of Gozag.
             Killed by divine providence
             ... invoked by an orc priest
              (15 damage)
             ... on level 8 of the Dungeon.
             The game lasted 00:24:12 (7837 turns).

Goblin1989 the Grappler (Pale Draconian Transmuter) Turns: 7837, Time: 00:24:13

Health: -1/75      AC:  7    Str: 17    XL:     9   Next: 48%
Magic:  16/16      EV: 14    Int: 18    God:    Gozag
Gold:   921        SH:  0    Dex: 11    Spells: 8/18 levels left

rFire    + . .     SeeInvis .     - Unarmed
rCold    + . .     Gourm    .   (no shield)
rNeg     . . .     Faith    .   (armour unavailable)
rPois    .         Spirit   .   (helmet restricted)
rElec    .         Reflect  .   l - scarf {rC+ rF+}
rCorr    .         Harm     .   (no gloves)
MR       .....                  (no boots)
Stlth    ..........             (no amulet)
HPRegen  0.22/turn              j - +5 ring of strength
MPRegen  0.15/turn              Y - ring of loudness (curse)

@: lethally poisoned (-1 -> -9)
A: breathe steam, unfitting armour, cold-blooded, AC +7
a: Breathe Steam, Potion Petition, Call Merchant, Bribe Branch, Renounce
Religion


You were on level 8 of the Dungeon.
You worshipped Gozag.
Gozag was pleased with you.
You were not hungry.

You visited 2 branches of the dungeon, and saw 9 of its levels.

You collected 986 gold pieces.
You paid 65 gold pieces to Gozag.

Inventory:

Hand Weapons
 V - a +2 short sword of venom
 Z - a +0 hunting sling
Missiles
 a - 156 arrows
 f - 154 stones (quivered) {@Q3}
 n - 52 sling bullets
 r - 7 needles of sleeping
Armour
 l - a scarf of resistance (worn)
Jewellery
 g - an uncursed ring of resist corrosion
 j - a +5 ring of strength (left hand)
 Y - a cursed ring of loudness (right hand)
Wands
 A - a wand of acid (7)
 D - a wand of disintegration (9)
 P - a wand of paralysis (17)
 Q - a wand of digging (15)
 S - a wand of flame (16)
Scrolls
 s - 2 scrolls of amnesia
 M - a scroll of magic mapping
 X - a scroll of enchant weapon
Potions
 i - a potion of curing {@q1}
 o - a potion of might
 p - a potion of resistance
 x - a potion of mutation {!q}
 B - a potion of cancellation
 C - a potion of heal wounds
 F - 2 potions of haste {@q3, !q}
 U - a potion of agility
Comestibles
 e - 12 rations


   Skills:
 + Level 6.0 Fighting
 + Level 5.2 Dodging
 * Level 8.4 Unarmed Combat
 + Level 5.0 Spellcasting
 - Level 4.0 Transmutations
 + Level 3.6 Evocations


You had 8 spell levels left.
You knew the following spells:

 Your Spells              Type           Power        Failure   Level  Hunger
a - Beastly Appendage     Tmut           ###...       2%          1    None
b - Sticks to Snakes      Tmut           ###.....     3%          2    #......
c - Spider Form           Tmut/Pois      ##........   17%         3    ##.....
d - Ice Form              Ice/Tmut       ##......     50%         4    ####...


Dungeon Overview and Level Annotations

Branches:
Dungeon (8/15)             Temple (1/1) D:4
   Lair: D:8-11

Altars:
Cheibriados
Gozag
Kikubaaqudgha
Nemelex Xobeh
Okawaru
Qazlal
Trog
Xom
Yredelemnul
Zin
The Shining One


Innate Abilities, Weirdness & Mutations

You can breathe blasts of scalding, opaque steam.
Your pale cyan-grey scales are hard. (AC +7)
You cannot fit into any form of body armour.
You are cold-blooded and may be slowed by cold attacks.


Message History

Confirm with . or Enter, or press ? or * to list all spells.
You turn into a venomous arachnid creature.
Your scarf of resistance melds into your body.
You feel hot and cold all over. The orc completely misses you.
You now have 13/16 mp.
Unknown command.
You barely miss the orc.
The orc is heavily wounded.
The orc misses you.
Unknown command.
You hit the orc.
You kill the orc!
You bite the orc!
You kill the orc!
You barely miss the orc.
The orc is almost dead.
The orc completely misses you.
You hit the orc.
You kill the orc!
You now have 781 gold pieces (gained 16).
Things that are here:
a hand axe; a leather armour Your transformation is almost over.
You recover from your berserk rage.
You now have enough gold to fund merchants seeking to open stores in the dungeon.
You now have 823 gold pieces (gained 42).
Items here: ))))) [[[[ You now have 831 gold pieces (gained 8).
Things that are here:
a whip; a ring mail You hear the hiss of a distant avalanche of sand.
You now have 836 gold pieces (gained 5).
You see here a short sword.
You now have 856 gold pieces (gained 20).
Things that are here:
a hand axe; a trident You now have 861 gold pieces (gained 5).
You see here a mace.
Your transformation has ended.
Your scarf of resistance unmelds from your body.
You feel resistant to extremes of temperature.
MP restored: 16 You now have 869 gold pieces (gained 8).
You see here a mace.
You now have 872 gold pieces (gained 3).
Things that are here:
a dagger; a chain mail You now have 887 gold pieces (gained 15).
You now have 902 gold pieces (gained 15).
You now have 912 gold pieces (gained 10).
You now have 921 gold pieces (gained 9).
You see here a mace.
A quokka comes into view.
Things that are here:
a hand axe; a trident You open the door.
An orc, an orc priest and an orc wizard come into view.
The orc wizard is wielding a dagger of venom.
The orc wizard shouts!
The orc priest shouts!
The orc shouts!
A giant cockroach comes into view.
There is an open door here.
The orc wizard casts a spell.
The orc wizard seems to speed up.
The orc wizard gestures wildly while chanting.
The orc wizard flickers and vanishes!
Deactivating autopickup; reactivate with Ctrl-A.
You see here a short sword.
A puff of frost appears from out of thin air!
The puff of frost hits you! You resist.
* * * LOW HITPOINT WARNING * * *
Items here: ))))) [[[[ You take 2 damage, and have 26/75 hp.
A magic dart appears from out of thin air!
The magic dart hits you!
* * * LOW HITPOINT WARNING * * *
Things that are here:
a hand axe; a leather armour You take 3 damage, and have 23/75 hp.
A puff of frost appears from out of thin air!
The puff of frost misses you.
A puff of frost appears from out of thin air!
The puff of frost misses you.
A puff of flame appears from out of thin air!
The puff of flame hits you! You resist.
* * * LOW HITPOINT WARNING * * *
You take 4 damage, and have 21/75 hp.
You hear the hiss of a distant avalanche of sand.
A magic dart appears from out of thin air!
The magic dart hits you!
* * * LOW HITPOINT WARNING * * *
You take 2 damage, and have 20/75 hp.
You open the door. Something hits you.
* * * LOW HITPOINT WARNING * * *
You are poisoned.
You take 5 damage, and have 16/75 hp.
You feel sick.
The orc priest invokes the aid of Beogh against you.
Beogh smites you!
You die...
Your body crumbles into a pile of gold.

··▓·········█...o.█...▲·..█·····▓
··▓▓▓···▓▓·<███.o██...█▓..█▓▓▓▓▓▓
··▓▓▓▓▓▓▓▓··▓▓█..██...██..██.··▓▓
··············█...█..........····
··············█.s.█..........····
···▓▓···▓▓····█...█..........····
···▓▓···▓▓····█...█..........··▓▓
········▓▓··▓▓█..██...██..██.··▓▓
········▓▓··▓▓██@██...███▲█▓···▓▓
·▓··▓···▓▓···█....█.......██▓▓▓▓▓
▓▓▓▓▓▓▓▓▓····█....▲...<....█····▲
▓···▓█...██........█···▓▓
▓▓▓▓███████........█···▓▓
█.....)........█·····
█..............█·····
██...██...██..██▓▓▓▓▓
████▓█...█▓▲██▓▓··▓▓


You could see an orc priest and a giant cockroach.

Vanquished Creatures
  Pikel (D:5)
  Joseph (D:8)
  A hippogriff (D:7)
  Menkaure (D:7)
  2 orc warriors
  2 sky beasts (D:6)
  2 slaves (D:5)
  A phantom (D:6)
  2 ogres
  3 centaurs
  A bullfrog (D:7)
  2 bullfrog zombies (D:5)
  A crimson imp (D:5)
  2 jellies (D:5)
  3 hounds
  An orc priest (D:8)
  An iguana (D:7)
  Ijyb (D:4)
  7 worker ants
  3 orc wizards
  A killer bee zombie (D:8)
  A hound skeleton (D:5)
  6 gnolls
  11 adders
  An adder zombie (D:6)
  2 worms
  A dart slug (D:3)
  5 leopard geckos
  38 orcs
  2 giant cockroaches
  9 goblins (D:1)
  5 hobgoblins
  A jackal (D:4)
  8 kobolds
  5 quokkas
  A ball python (D:3)
  6 bats
  5 frilled lizards
  A quokka skeleton (D:7)
  3 rats
150 creatures vanquished.

Notes
Turn   | Place    | Note
-------+----------+-------------------------------------------
     0 | D:1      | Goblin1989 the Draconian Transmuter began the quest for the Orb.
     0 | D:1      | Reached XP level 1. HP: 16/16 MP: 3/3
   278 | D:1      | Reached XP level 2. HP: 22/23 MP: 5/5
   833 | D:1      | Learned a level 2 spell: Sticks to Snakes
  1030 | D:1      | Reached XP level 3. HP: 28/28 MP: 6/6
  1282 | D:2      | Learned a level 3 spell: Spider Form
  1433 | D:2      | Found a sparkling altar of Nemelex Xobeh.
  1694 | D:2      | Found a basalt altar of Yredelemnul.
  1837 | D:2      | Reached XP level 4. HP: 35/35 MP: 3/7
  2519 | D:3      | Reached XP level 5. HP: 31/41 MP: 8/8
  2621 | D:3      | Reached skill level 4 in Unarmed Combat
  3659 | D:4      | Found a staircase to the Ecumenical Temple.
  3665 | Temple   | Entered the Ecumenical Temple
  3695 | Temple   | Became a worshipper of Gozag Ym Sagoz the Greedy
  4021 | D:4      | Noticed Ijyb
  4037 | D:4      | Killed Ijyb
  4037 | D:4      | Reached XP level 6. HP: 50/50 MP: 9/9
  4203 | D:5      | Entered Level 5 of the Dungeon
  4309 | D:5      | Found a snail-covered altar of Cheibriados.
  4309 | D:5      | Found a glowing golden altar of the Shining One.
  4525 | D:5      | Noticed a slave
  4526 | D:5      | Noticed a slave
  4526 | D:5      | Noticed a slave
  4540 | D:5      | Killed a slave
  4547 | D:5      | Killed a slave
  4579 | D:5      | Noticed a slave
  4580 | D:5      | Reached skill level 5 in Unarmed Combat
  4581 | D:5      | Noticed Pikel
  4614 | D:5      | Killed Pikel
  4614 | D:5      | Reached skill level 6 in Unarmed Combat
  4614 | D:5      | Your scales start taking on a pale cyan-grey colour.
  4614 | D:5      | Reached XP level 7. HP: 26/59 MP: 7/11
  4806 | D:5      | Found a stormy altar of Qazlal.
  4882 | D:5      | Reached XP level 8. HP: 65/66 MP: 13/13
  5274 | D:6      | Reached skill level 1 in Evocations
  5969 | D:6      | Reached skill level 7 in Unarmed Combat
  6084 | D:6      | Learned a level 4 spell: Ice Form
  6207 | D:6      | Reached skill level 5 in Fighting
  6843 | D:7      | Noticed Menkaure
  6848 | D:7      | Killed Menkaure
  6848 | D:7      | Reached XP level 9. HP: 74/74 MP: 15/15
  7466 | D:7      | Reached skill level 8 in Unarmed Combat
  7626 | D:8      | Noticed Joseph
  7642 | D:8      | Killed Joseph
  7642 | D:8      | Reached skill level 5 in Dodging
  7729 | D:8      | Reached skill level 5 in Spellcasting
  7837 | D:8      | Killed from afar by an orc priest

Vault maps used:
D:1:      dpeg_arrival_snail, hangedman_glass_teeth
D:2:      nemelex_xobeh_ov_fountains_minmay, yredelemnul_altar_generic
D:3:      first_ration
D:4:      minmay_temple_entry_fiery, supply_closet_lemuel, uniq_ijyb
D:5:      chequers_temple_overflow_statue_of_worship, lemuel_crystal_altar,
          uniq_pikel
D:6:      kennysheep_small_square
D:7:      uniq_menkaure
D:8:      special_room, gup_ossuary_entry_pyramid, grunt_ogre_cave, uniq_joseph,
          uniq_grum
Temple:   nicolae_temple_great_sept

Skill      XL: |  1  2  3  4  5  6  7  8  9 |
---------------+----------------------------+-----
Transmutations | 3 4 |  4.0
Dodging        | 2 3 4 5 |  5.2
Fighting       | 2 4 5 6 |  6.0
Unarmed Combat | 4 6 7 8 |  8.4
Spellcasting   | 3 4 5 |  5.0
Evocations     | 2 3 |  3.6

Action                   |  1- 3 |  4- 6 |  7- 9 || total
-------------------------+-------+-------+-------++-------
Melee: Unarmed           |   103 |   165 |   261 ||   529
       Punch             |     3 |     1 |     8 ||    12
       Kick              |     7 |       |       ||     7
       Tailslap          |     9 |    11 |    26 ||    46
 Cast: Beastly Appendage |     3 |       |       ||     3
       Spider Form       |     2 |    11 |     5 ||    18
       Sticks to Snakes  |     1 |       |       ||     1
Invok: Potion Petition   |       |     1 |       ||     1
 Abil: Breathe Steam     |       |       |     9 ||     9
  Use: Potion            |       |     1 |     1 ||     2
       Scroll            |       |       |    17 ||    17
 Stab: Distracted        |       |       |     3 ||     3
  Eat: Chunk             |     3 |     6 |       ||     9
       Ration            |       |     2 |     3 ||     5
Armor: Skin              |    36 |    21 |    50 ||   107
Dodge: Dodged            |    76 |   117 |   175 ||   368

Table legend:
 A = Spawn XP
 B = Non-spawn XP
 C = Spawn XP percentage of total XP
 D = Spawn monster count
 E = Non-spawn monster count
 F = Spawn count percentage of total count
 G = Total turns spent on level
                    A         B        C        D         E        F      G
               +---------+---------+-------+---------+---------+-------+---------
         Total |       0 |    4116 |   0.0 |       0 |     148 |   0.0 |  7837
               +---------+---------+-------+---------+---------+-------+---------
           D:1 |       0 |      43 |   0.0 |       0 |      26 |   0.0 |  1240
           D:2 |       0 |      63 |   0.0 |       0 |       7 |   0.0 |   727
           D:3 |       0 |     108 |   0.0 |       0 |      23 |   0.0 |  1036
           D:4 |       0 |     183 |   0.0 |       0 |      11 |   0.0 |  1156
           D:5 |       0 |    1294 |   0.0 |       0 |      21 |   0.0 |  1379
           D:6 |       0 |     817 |   0.0 |       0 |      19 |   0.0 |   966
           D:7 |       0 |     837 |   0.0 |       0 |      16 |   0.0 |  1078
           D:8 |       0 |     771 |   0.0 |       0 |      25 |   0.0 |   211
               +---------+---------+-------+---------+---------+-------+---------

Vault maps used:
D:1:      dpeg_arrival_snail, hangedman_glass_teeth
D:2:      nemelex_xobeh_ov_fountains_minmay, yredelemnul_altar_generic
D:3:      first_ration
D:4:      minmay_temple_entry_fiery, supply_closet_lemuel, uniq_ijyb
D:5:      chequers_temple_overflow_statue_of_worship, lemuel_crystal_altar,
          uniq_pikel
D:6:      kennysheep_small_square
D:7:      uniq_menkaure
D:8:      special_room, gup_ossuary_entry_pyramid, grunt_ogre_cave, uniq_joseph,
          uniq_grum
Temple:   nicolae_temple_great_sept
